 Dungeon Sprint DCSS version 0.17-a0-1923-gc35365e (webtiles) character file.

10220 ololoev the Scorcher (level 11, -5/67 HPs)
             Began as a Deep Elf Fire Elementalist on Sept 28, 2015.
             Was the Champion of Vehumet.
             Slain by a demonic crawler (7 damage)
             ... in the Dungeon (Sprint I: "Red Sonja").
             The game lasted 00:15:21 (2822 turns).

ololoev the Scorcher (Deep Elf Fire Elementalist)   Turns: 2822, Time: 00:15:21

Health: -5/67      AC:  2    Str:  5    XL:     11   Next: 33%
Magic:  4/30       EV: 19    Int: 35    God:    Vehumet [******]
Gold:   207        SH:  0    Dex: 15    Spells: 5 memorised, 18 levels left

rFire  . . .     SeeInvis .     v - +7 great sword of the Rat {slice, -Tele Int+7}
rCold  . . .     Clarity  .     p - +0 robe {MR+}
rNeg   . . .     SustAt   .     (no shield)
rPois  .         Gourm    .     (no helmet)
rElec  .         Spirit   .     (no cloak)
rCorr  .         Warding  .     (no gloves)
rMut   .         NoTele   +     (no boots)
MR     ++...                    (no amulet)
Stlth  +++++.....               d - ring of wizardry
                                e - +4 ring of intelligence

@: very resistant to hostile enchantments, quite stealthy
A: deterioration 1, MP-powered wands
a: Renounce Religion


Innate Abilities, Weirdness & Mutations

Your body sometimes deteriorates upon taking damage.
You expend magic power (3 MP) to strengthen your wands.

Inventory:

Hand weapons
 a - a +3 dagger of venom
 b - a +4 blowgun
 v - the +7 great sword of the Rat (weapon) {slice, -Tele Int+7}
   (You bought it in a shop in the Dungeon)

   It inflicts extra damage upon your enemies.
   It affects your intelligence (+7).
   It prevents most forms of teleportation.
Missiles
 n - 7 curare-tipped needles
Armour
 p - a +0 robe of magic resistance (worn)
Jewellery
 d - a ring of wizardry (right hand)
 e - a +4 ring of intelligence (left hand)
Magical devices
 j - a wand of disintegration (10)
Scrolls
 i - a scroll of blinking
 l - 2 scrolls of identify
 o - 2 scrolls of remove curse
 r - a scroll of recharging
 t - a scroll of immolation
 u - a scroll of fear
 x - a scroll of amnesia {unknown}
 y - a scroll of random uselessness {unknown}
Potions
 f - a potion of haste
 g - 2 potions of magic
 h - a potion of berserk rage
 k - 3 potions of curing
 q - a potion of lignification
 s - a potion of brilliance
 w - a potion of flight
 z - a potion of agility
Books
 m - a book of Flames

   Spells                             Type                      Level
   a - Flame Tongue                   Conjuration/Fire             1
   b - Throw Flame                    Conjuration/Fire             2
   c - Conjure Flame                  Conjuration/Fire             3
   d - Inner Flame                    Hexes/Fire                   3
   e - Sticky Flame                   Conjuration/Fire             4
   f - Fireball                       Conjuration/Fire             5
Comestibles
 c - a bread ration


   Skills:
 + Level 7.3 Fighting
 + Level 10.8 Dodging
 + Level 11.5 Stealth
 + Level 13.9 Spellcasting
 * Level 15.9 Conjurations
 * Level 16.1 Fire Magic


You had 18 spell levels left. You knew the following spells: Your Spells Type Power Failure Level Hunger a - Flame Tongue Conj/Fire ##### 0% 1 None b - Conjure Flame Conj/Fire #######. 0% 3 None c - Sticky Flame Conj/Fire #######. 1% 4 None d - Fireball Conj/Fire #######... 1% 5 None e - Bolt of Fire Conj/Fire #######... 1% 6 ###.... You were in the Dungeon. You worshipped Vehumet. Vehumet was exalted by your worship. You were not hungry. You visited 1 branch You collected 1630 gold pieces. You spent 1423 gold pieces at shops. #########################******** <.#..'..#..'..#__#..)††.#,,*,,,,+ ..'.)#..)..#..'^@s..#.).##+#,**** ..#####'#####'#__####...'..#,*,** ..####..#...#[####..#####..+,*+*, ..#__####..##.#≈≈≈§§#..#*+##**,,, ..#_..__##'#((§§§§§§'..#,,,,,*,,, ⌠⌠#_.∩...'..._#≈§§§§#§§#,,,,,+,,, ##._..._##_.#'##'#####'###,,,*,,, ..#_____###'#.#..(.###.'§#,,,***+ ###########.####'###(###§#,,***,,

Notes
Turn   | Place    | Note
--------------------------------------------------------------
     0 | D        | ololoev the Deep Elf Fire Elementalist began the quest for the Orb.
     0 | D        | Reached XP level 1. HP: 10/10 MP: 6/6
     1 | D        | Noticed Ijyb
     6 | D        | Killed Ijyb
     6 | D        | Reached skill level 4 in Spellcasting
     6 | D        | Reached skill level 5 in Fire Magic
     6 | D        | Reached XP level 2. HP: 15/15 MP: 1/9
    78 | D        | Noticed an ogre
    85 | D        | Killed an ogre
    85 | D        | Reached skill level 6 in Spellcasting
    85 | D        | Reached skill level 7 in Fire Magic
    85 | D        | Reached XP level 3. HP: 19/19 MP: 5/12
    85 | D        | Reached XP level 4. HP: 24/24 MP: 5/14
    90 | D        | Learned a level 3 spell: Conjure Flame
    95 | D        | Learned a level 4 spell: Sticky Flame
   107 | D        | Noticed Sigmund
   116 | D        | Killed Sigmund
   116 | D        | Reached skill level 8 in Conjurations
   116 | D        | Reached skill level 9 in Fire Magic
   116 | D        | Reached XP level 5. HP: 28/28 MP: 2/17
   116 | D        | Reached XP level 6. HP: 32/32 MP: 2/18
   123 | D        | Learned a level 5 spell: Fireball
   228 | D        | Found a deep blue altar of Sif Muna.
   229 | D        | Noticed a jelly
   230 | D        | Found a radiant altar of Vehumet.
   232 | D        | Killed a jelly
   238 | D        | Became a worshipper of Vehumet
   253 | D        | Found Besecwop's Weapon Emporium.
   253 | D        | Found a white marble altar of Elyvilon.
   253 | D        | Found a stormy altar of Qazlal.
   253 | D        | Found a basalt altar of Yredelemnul.
   253 | D        | Found an iron altar of Okawaru.
   253 | D        | Found a sparkling altar of Nemelex Xobeh.
   253 | D        | Found a shimmering altar of Xom.
   253 | D        | Found an ancient bone altar of Kikubaaqudgha.
   253 | D        | Noticed a yak
   255 | D        | Found a burning altar of Makhleb.
   255 | D        | Found a sacrificial altar of Ru.
   255 | D        | Found an opulent altar of Gozag.
   258 | D        | Killed a yak
   258 | D        | Reached skill level 10 in Conjurations
   258 | D        | Reached skill level 10 in Fire Magic
   260 | D        | Found a glowing golden altar of the Shining One.
   260 | D        | Found a glowing silver altar of Zin.
   262 | D        | Found a bloodstained altar of Trog.
   417 | D        | Noticed Sonja
   420 | D        | Killed Sonja
   420 | D        | Reached skill level 5 in Stealth
   420 | D        | Reached skill level 10 in Spellcasting
   420 | D        | Reached skill level 11 in Conjurations
   420 | D        | Reached XP level 7. HP: 26/40 MP: 5/22
   420 | D        | Reached XP level 8. HP: 29/45 MP: 5/24
   581 | D        | Noticed a deep troll
   591 | D        | Killed a deep troll
   591 | D        | Acquired Vehumet's first power
   591 | D        | Offered knowledge of Magic Dart by Vehumet.
   591 | D        | Reached skill level 5 in Dodging
   591 | D        | Reached skill level 12 in Conjurations
   649 | D        | Found Dorpheere's Armour Emporium.
   654 | D        | Bought a +0 robe of magic resistance for 107 gold pieces
   694 | D        | Noticed a centaur warrior
   698 | D        | Noticed a centaur warrior
   699 | D        | Killed a centaur warrior
   699 | D        | Reached XP level 9. HP: 32/52 MP: 4/26
   699 | D        | Killed a centaur warrior
   699 | D        | Reached skill level 13 in Conjurations
   816 | D        | Noticed a wasp
   817 | D        | Paralysed by a wasp for 2 turns
   819 | D        | Killed a wasp
   819 | D        | Offered knowledge of Sting by Vehumet.
   937 | D        | Noticed an oklob plant
   943 | D        | Killed an oklob plant
   943 | D        | Reached skill level 5 in Fighting
  1039 | D        | Noticed a trapdoor spider
  1048 | D        | Noticed a trapdoor spider
  1051 | D        | Killed a trapdoor spider
  1052 | D        | Noticed a trapdoor spider
  1055 | D        | Killed a trapdoor spider
  1056 | D        | Killed a trapdoor spider
  1056 | D        | Offered knowledge of Ignite Poison by Vehumet.
  1056 | D        | Reached skill level 14 in Fire Magic
  1368 | D        | Noticed a trapdoor spider
  1399 | D        | Killed a trapdoor spider
  1399 | D        | Acquired Vehumet's second power
  1399 | D        | Reached XP level 10. HP: 42/59 MP: 20/28
  1443 | D        | Killed an unseen horror
  1583 | D        | Killed an unseen horror
  1583 | D        | Offered knowledge of Throw Icicle by Vehumet.
  1735 | D        | Noticed a jelly
  1735 | D        | Noticed a jelly
  1735 | D        | Noticed a jelly
  1735 | D        | Noticed a jelly
  1735 | D        | Noticed a jelly
  1735 | D        | Noticed a jelly
  1735 | D        | Noticed a necrophage
  1735 | D        | Noticed a necrophage
  1736 | D        | Killed a jelly
  1736 | D        | Killed a jelly
  1736 | D        | Acquired Vehumet's third power
  1736 | D        | Killed a jelly
  1736 | D        | Offered knowledge of Airstrike by Vehumet.
  1736 | D        | Killed a jelly
  1736 | D        | Killed a jelly
  1736 | D        | Killed a jelly
  1737 | D        | Noticed a jelly
  1737 | D        | Noticed a necrophage
  1737 | D        | Noticed a necrophage
  1737 | D        | Killed a jelly
  1738 | D        | Noticed a necrophage
  1738 | D        | Noticed a necrophage
  1740 | D        | Noticed a necrophage
  1743 | D        | Killed a necrophage
  1751 | D        | Killed a necrophage
  1752 | D        | Killed a necrophage
  1753 | D        | Killed a necrophage
  1754 | D        | Killed a necrophage
  1754 | D        | Reached skill level 10 in Stealth
  1829 | D        | Killed a necrophage
  1840 | D        | Killed a necrophage
  1868 | D        | Identified Immaisir's Volume of Creation
  1876 | D        | Found Cuaj's Jewellery Shoppe.
  1876 | D        | Found Zilik's Magic Scroll Shop.
  1876 | D        | Found Hetoh's Assorted Antiques.
  1878 | D        | Found Ycso's Magic Scroll Emporium.
  1878 | D        | Found Jyeseh's Food Shop.
  1878 | D        | Found Okhlyotwowk's Armour Shoppe.
  1878 | D        | Found Ischeuf's Antique Weapon Boutique.
  1878 | D        | Found Kuedemm's Magic Scroll Emporium.
  1878 | D        | Found Uked's Gadget Shop.
  1878 | D        | Found Misiotal's Magic Scroll Shoppe.
  1881 | D        | Found Benimof's Book Boutique.
  1882 | D        | Found Xuaveeg's Magic Scroll Emporium.
  1882 | D        | Found Jaschugam's Jewellery Boutique.
  1883 | D        | Found Gamydwu's Food Emporium.
  1904 | D        | Bought a +4 ring of intelligence for 378 gold pieces
  1915 | D        | Bought a brown potion for 23 gold pieces
  1915 | D        | Bought a bubbling blue potion for 23 gold pieces
  1916 | D        | Bought a scroll of identify for 24 gold pieces
  1916 | D        | Bought a scroll of identify for 24 gold pieces
  1916 | D        | Bought a scroll of immolation for 42 gold pieces
  1916 | D        | Bought a scroll of fear for 42 gold pieces
  1922 | D        | Bought a scroll of identify for 28 gold pieces
  1922 | D        | Bought a scroll of identify for 28 gold pieces
  1922 | D        | Bought a scroll of identify for 28 gold pieces
  1922 | D        | Bought a scroll of remove curse for 42 gold pieces
  1922 | D        | Bought a scroll of magic mapping for 49 gold pieces
  2247 | D        | Found Mionn's Assorted Antiques.
  2255 | D        | Bought a small opal ring for 125 gold pieces
  2256 | D        | Bought a shimmering great sword for 287 gold pieces
  2256 | D        | Identified the +7 great sword of the Rat {slice, -Tele Int+7} (You bought it in a shop in the Dungeon)
  2257 | D        | Bought a green potion for 22 gold pieces
  2257 | D        | Bought a scroll labeled GICHUE YDOH for 25 gold pieces
  2257 | D        | Bought a murky amethyst potion for 22 gold pieces
  2302 | D        | Bought a scroll of identify for 26 gold pieces
  2303 | D        | Bought a scroll of identify for 52 gold pieces
  2303 | D        | Bought a scroll labeled ZESOQODOGO for 26 gold pieces
  2344 | D        | Noticed a shining eye
  2344 | D        | Noticed a shining eye
  2344 | D        | Noticed a shining eye
  2346 | D        | Offered knowledge of Bolt of Fire by Vehumet.
  2347 | D        | Killed a shining eye
  2349 | D        | Noticed a shining eye
  2349 | D        | Killed a shining eye
  2349 | D        | Reached skill level 15 in Fire Magic
  2351 | D        | Gained mutation: You expend magic power (3 MP) to strengthen your wands. [a shining eye]
  2352 | D        | Killed a shining eye
  2352 | D        | Reached skill level 15 in Conjurations
  2353 | D        | Noticed a shining eye
  2363 | D        | Learned a level 6 spell: Bolt of Fire
  2383 | D        | Killed a gargoyle
  2433 | D        | Noticed a shining eye
  2434 | D        | Gained mutation: Your body sometimes deteriorates upon taking damage. [a shining eye]
  2435 | D        | Killed a shining eye
  2435 | D        | Reached skill level 10 in Dodging
  2435 | D        | Killed a shining eye
  2439 | D        | Noticed a shining eye
  2440 | D        | Killed a shining eye
  2440 | D        | Reached XP level 11. HP: 66/66 MP: 13/30
  2449 | D        | Offered knowledge of Lightning Bolt by Vehumet.
  2503 | D        | Killed a shining eye
  2526 | D        | Noticed a shining eye
  2527 | D        | Killed a shining eye
  2656 | D        | Found Xynuh's Weapon Shop.
  2656 | D        | Found Weybleim's Book Shoppe.
  2656 | D        | Found Areyth's Antique Weapon Boutique.
  2656 | D        | Found Zaph's Jewellery Emporium.
  2720 | D        | Found a snail-covered altar of Cheibriados.
  2720 | D        | Found a viscous altar of Jiyva.
  2720 | D        | Found a shadowy altar of Dithmenos.
  2720 | D        | Found a blossoming altar of Fedhas.
  2720 | D        | Noticed a slime creature
  2723 | D        | Killed a slime creature
  2799 | D        | Noticed a kobold demonologist
  2801 | D        | Killed a kobold demonologist
  2802 | D        | Noticed a kobold demonologist
  2804 | D        | Killed a kobold demonologist
  2804 | D        | Reached skill level 16 in Fire Magic
  2809 | D        | Noticed a demonic crawler
  2809 | D        | Noticed a demonic crawler
  2809 | D        | Noticed a demonic crawler
  2809 | D        | Noticed a demonic crawler
  2817 | D        | Killed a demonic crawler
  2817 | D        | Killed a demonic crawler
  2820 | D        | Killed a demonic crawler
  2820 | D        | Offered knowledge of Conjure Ball Lightning by Vehumet.
  2822 | D        | HP: 2/67 [demonic crawler (6)]
  2822 | D        | Slain by a demonic crawler

Dungeon Overview and Level Annotations

Branches:
Dungeon (1/1)

Altars:
Cheibriados
Dithmenos
Elyvilon
Fedhas
Gozag
Kikubaaqudgha
Makhleb
Nemelex Xobeh
Okawaru
Qazlal
Ru
Sif Muna
Trog
Vehumet
Xom
Yredelemnul
Zin
The Shining One
Jiyva

Shops:
D *:=(((?=*?%[(?}?:=?[%


Message History

You kill the demonic crawler!
Vehumet accepts your kill.
You feel your power returning.
The bolt of fire hits the demonic crawler.
The demonic crawler resists.
You kill the demonic crawler!
Vehumet accepts your kill.
You feel your power returning.
You feel your intelligence returning. The demonic crawler barely misses you.
The demonic crawler hits you. The demonic crawler closely misses you.
The demonic crawler barely misses you.
The demonic crawler completely misses you.
The demonic crawler barely misses you.
Unknown command.
Unknown command.
There is an open door here.
Casting: Bolt of Fire
Confirm with . or Enter, or press ? or * to list all spells.
Aiming: Fireball
Press: ? - help, Shift-Dir - straight line, p - demonic crawler The fireball explodes!
The fireball engulfs the demonic crawler.
The demonic crawler resists.
You kill the demonic crawler!
Vehumet accepts your kill.
Vehumet offers you knowledge of Conjure Ball Lightning.
You feel your power returning.
The fireball engulfs the demonic crawler.
The demonic crawler resists.
The demonic crawler is heavily wounded.
Unknown command.
Unknown command.
You slash the demonic crawler!
The demonic crawler is heavily wounded.
The demonic crawler hits you. The demonic crawler barely misses you.
The demonic crawler hits you. The demonic crawler hits you!
The demonic crawler misses you. x2
The demonic crawler closely misses you. The demonic crawler hits you.
The demonic crawler hits you!
You die...

You could see a demonic crawler.

Vanquished Creatures
  2 centaur warriors (D)
  Sonja (D)
  A deep troll (D)
  2 unseen horrors (D)
  An oklob plant (D)
  8 shining eyes (D)
  2 kobold demonologists (D)
  3 demonic crawlers (D)
  A slime creature (D)
  4 trapdoor spiders (D)
  Sigmund (D)
  A yak (D)
  A wasp (D)
  7 necrophages (D)
  An ogre (D)
  8 jellies (D)
  Ijyb (D)
  6 giant eyeballs (D)
  2 ballistomycetes (D)
  A giant spore (D)
54 creatures vanquished.

Vanquished Creatures (others)
  A gargoyle (D)
  A giant spore (D)
2 creatures vanquished.

Grand Total: 56 creatures vanquished

Action                   |  1- 3 |  4- 6 |  7- 9 | 10-12 || total
-------------------------+-------+-------+-------+-------++-------
Melee: Dagger            |     1 |       |     2 |     1 ||     4
       Great sword       |       |       |       |     2 ||     2
 Fire: Blowgun           |       |       |     1 |       ||     1
 Cast: Flame Tongue      |     8 |     9 |     8 |    10 ||    35
       Sticky Flame      |       |     2 |     3 |     5 ||    10
       Fireball          |       |     1 |    14 |    30 ||    45
       Conjure Flame     |       |       |     2 |     3 ||     5
       Bolt of Fire      |       |       |       |    11 ||    11
Evoke: Wand              |       |       |       |     1 ||     1
  Use: Potion            |       |     1 |     1 |       ||     2
       Scroll            |       |       |       |     7 ||     7
  Eat: Bread ration      |       |       |     1 |       ||     1
       Chunk             |       |       |     1 |       ||     1
       Meat ration       |       |       |       |     1 ||     1

Vault maps used:
D:        dungeon_sprint_1
